| TOP OF THE 1ST |
|
Los Angeles Dodgers batting - Pitching for Philadelphia Phillies : RHP Jack Morris
|
|
Pitching: RHP Jack Morris
|
|
|
Batting: RHB Billy Sample
|
0-0: Ball 1-0: Called Strike 1-1: Fly out, F4 (Popup, 3D, EV 70.6 MPH)
|
|
Batting: RHB Carney Lansford
|
0-0: Ball 1-0: Fly out, F8 (Line Drive, 8LD, EV 102.5 MPH)
|
|
Batting: RHB Jerry Keller
|
0-0: Called Strike 0-1: Ball 1-1: Ball 2-1: Ball 3-1: SINGLE (Groundball, 56D, EV 98.8 MPH)
|
|
Batting: LHB Ronald Jackson
|
0-0: Ball 1-0: Foul Ball, location: 2F 1-1: Swinging Strike 1-2: Strikes out swinging
|
| Top of the 1st over - 0 runs, 1 hit, 0 errors, 1 left on base; Los Angeles 0 - Philadelphia 0 |
| BOTTOM OF THE 1ST |
|
Philadelphia Phillies batting - Pitching for Los Angeles Dodgers : RHP Robert Polinsky
|
|
Pitching: RHP Robert Polinsky
|
|
|
Batting: RHB Andy Ramirez
|
0-0: Ball 1-0: Swinging Strike 1-1: Foul Ball, location: 2F 1-2: Strikes out swinging
|
|
Batting: RHB Paul Molitor
|
0-0: Called Strike 0-1: Ball 1-1: Ball 2-1: Ground out 5-3 (Groundball, 56S, EV 76.9 MPH)
|
|
Batting: LHB Tony Gwynn
|
0-0: Fly out, F7 (Flyball, 78M, EV 87.5 MPH)
|
| Bottom of the 1st over - 0 runs, 0 hits, 0 errors, 0 left on base; Los Angeles 0 - Philadelphia 0 |
| TOP OF THE 2ND |
|
Los Angeles Dodgers batting - Pitching for Philadelphia Phillies : RHP Jack Morris
|
|
Batting: RHB Roberto Reyes
|
0-0: Ball 1-0: Foul Ball, location: 2F 1-1: Fly out, F8 (Line Drive, 8LM, EV 89.4 MPH)
|
|
Batting: RHB Bill Schroeder
|
0-0: Called Strike 0-1: Ball 1-1: Ball 2-1: Called Strike 2-2: Ball 3-2: Foul Ball, location: 2F 3-2: Strikes out swinging
|
|
Batting: SHB Spike Owen
|
0-0: Ball 1-0: Called Strike 1-1: Ball 2-1: Fly out, F6 (Popup, 6, EV 66.3 MPH)
|
| Top of the 2nd over - 0 runs, 0 hits, 0 errors, 0 left on base; Los Angeles 0 - Philadelphia 0 |
| BOTTOM OF THE 2ND |
|
Philadelphia Phillies batting - Pitching for Los Angeles Dodgers : RHP Robert Polinsky
|
|
Batting: RHB Candy Maldonado
|
0-0: Fly out, F7 (Flyball, 78S, EV 87.5 MPH)
|
|
Batting: LHB Ken Phelps
|
0-0: Ball 1-0: Ball 2-0: Ball 3-0: Base on Balls
|
|
Batting: RHB Andre Dawson
|
0-0: Called Strike 0-1: Grounds into double play, 5-4-3 (Groundball, 56S, EV 85.6 MPH)
|
| Bottom of the 2nd over - 0 runs, 0 hits, 0 errors, 0 left on base; Los Angeles 0 - Philadelphia 0 |
| TOP OF THE 3RD |
|
Los Angeles Dodgers batting - Pitching for Philadelphia Phillies : RHP Jack Morris
|
|
Batting: RHB Tom Watkins
|
0-0: Ball 1-0: Foul Ball, location: 2F 1-1: Fly out, F4 (Popup, 34S, EV 85.0 MPH)
|
|
Batting: RHB Robert Polinsky
|
0-0: Ball 1-0: Ball 2-0: Called Strike 2-1: Ground out 4-3 (Groundball, 4S, EV 82.5 MPH)
|
|
Batting: RHB Billy Sample
|
0-0: SINGLE (Line Drive, 8RS, EV 105.6 MPH)
|
|
Batting: RHB Carney Lansford
|
0-0: Called Strike 0-1: Ball Pickoff Throw to First - Out! 1-3
|
| Top of the 3rd over - 0 runs, 1 hit, 0 errors, 0 left on base; Los Angeles 0 - Philadelphia 0 |
| BOTTOM OF THE 3RD |
|
Philadelphia Phillies batting - Pitching for Los Angeles Dodgers : RHP Robert Polinsky
|
|
Batting: LHB Lou Whitaker
|
0-0: Called Strike 0-1: Ball 1-1: SINGLE (Line Drive, 6D, EV 108.8 MPH)
|
|
Batting: RHB Jody Davis
|
0-0: Ball 1-0: Ball Lou Whitaker steals 2nd base 2-0: Called Strike 2-1: Ball 3-1: Swinging Strike 3-2: Strikes out swinging
|
|
Batting: RHB Jack Morris
|
0-0: Ball 1-0: Swinging Strike 1-1: Swinging Strike 1-2: Strikes out swinging, 2-3 out at first.
|
|
Batting: RHB Andy Ramirez
|
0-0: Ball 1-0: Ground out 6-3 (Groundball, 56D, EV 102.5 MPH)
|
| Bottom of the 3rd over - 0 runs, 1 hit, 0 errors, 1 left on base; Los Angeles 0 - Philadelphia 0 |
| TOP OF THE 4TH |
|
Los Angeles Dodgers batting - Pitching for Philadelphia Phillies : RHP Jack Morris
|
|
Batting: RHB Carney Lansford
|
0-0: SINGLE (Flyball, 8LS, EV 90.0 MPH)
|
|
Batting: RHB Jerry Keller
|
0-0: Ball 1-0: Foul Ball, location: 2F 1-1: Ball 2-1: Foul Ball, location: 2F 2-2: Ball 3-2: Strikes out looking
|
|
Batting: LHB Ronald Jackson
|
0-0: Ball 1-0: Called Strike 1-1: Ball 2-1: Foul Ball, location: 2F 2-2: Foul Ball, location: 2F 2-2: Ball 3-2: SINGLE (Line Drive, 56D, EV 103.1 MPH) Carney Lansford to second Carney Lansford to third
|
|
Batting: RHB Roberto Reyes
|
0-0: Called Strike 0-1: Ball 1-1: Ball 2-1: Called Strike 2-2: Foul Ball, location: 2F 2-2: Foul Ball, location: 2F 2-2: Ball 3-2: Foul Ball, location: 2F 3-2: Foul Ball, location: 2F 3-2: SINGLE (Groundball, 34, EV 100.6 MPH) - runner OUT being hit by batted ball. (infield hit)
|
|
Batting: RHB Bill Schroeder
|
0-0: Ball 1-0: Swinging Strike 1-1: Foul Ball, location: 2F 1-2: Ball 2-2: Ball 3-2: SINGLE (Line Drive, 3D, EV 101.3 MPH) Carney Lansford scores Roberto Reyes to second Roberto Reyes to third
|
|
Batting: SHB Spike Owen
|
0-0: Ball 1-0: Ball 2-0: Fly out, F9 (Flyball, 9LM, EV 88.8 MPH)
|
| Top of the 4th over - 1 run, 4 hits, 0 errors, 2 left on base; Los Angeles 1 - Philadelphia 0 |
| BOTTOM OF THE 4TH |
|
Philadelphia Phillies batting - Pitching for Los Angeles Dodgers : RHP Robert Polinsky
|
|
Batting: RHB Paul Molitor
|
0-0: Called Strike 0-1: Ball 1-1: Called Strike 1-2: SINGLE (Groundball, 6MD, EV 95.0 MPH)
|
|
Batting: LHB Tony Gwynn
|
0-0: Called Strike 0-1: Called Strike 0-2: Ball 1-2: SINGLE (Groundball, 3S, EV 70.0 MPH) (infield hit) Paul Molitor to second
|
|
Batting: RHB Candy Maldonado
|
0-0: Called Strike 0-1: Ball 1-1: Ball 2-1: Ball 3-1: Swinging Strike 3-2: Strikes out swinging
|
|
Batting: LHB Ken Phelps
|
0-0: Foul Ball, location: 2F 0-1: Swinging Strike 0-2: Foul Ball, location: 2F 0-2: Grounds into double play, 4-6-3 (Groundball, 4, EV 95.0 MPH)
|
| Bottom of the 4th over - 0 runs, 2 hits, 0 errors, 1 left on base; Los Angeles 1 - Philadelphia 0 |
| TOP OF THE 5TH |
|
Los Angeles Dodgers batting - Pitching for Philadelphia Phillies : RHP Jack Morris
|
|
Pitching: LHP Martin Pavlik
|
|
|
Batting: RHB Tom Watkins
|
0-0: Fly out, F7 (Flyball, 7LM, EV 97.5 MPH)
|
|
Pinch Hitting: RHB Dick Davis
|
0-0: Swinging Strike 0-1: Foul Ball, location: 2F 0-2: SOLO HOME RUN (Flyball, 78XD, EV 92.5 MPH), Distance : 440 ft
|
|
Batting: RHB Billy Sample
|
0-0: Ball 1-0: Called Strike 1-1: Fly out, F7 (Line Drive, 7, EV 108.1 MPH)
|
|
Batting: RHB Carney Lansford
|
0-0: Ball 1-0: Ball 2-0: Called Strike 2-1: Fly out, F8 (Flyball, 8RD, EV 102.5 MPH)
|
| Top of the 5th over - 1 run, 1 hit, 0 errors, 0 left on base; Los Angeles 2 - Philadelphia 0 |
| BOTTOM OF THE 5TH |
|
Philadelphia Phillies batting - Pitching for Los Angeles Dodgers : RHP Robert Polinsky
|
|
Pitching: RHP Bob James
|
|
|
Batting: RHB Andre Dawson
|
0-0: Ball 1-0: Fly out, F7 (Flyball, 78D, EV 84.4 MPH)
|
|
Batting: LHB Lou Whitaker
|
0-0: Called Strike 0-1: Foul Ball, location: 2F 0-2: Ball 1-2: Ball 2-2: SINGLE (Groundball, 25, EV 70.6 MPH) (infield hit)
|
|
Batting: RHB Jody Davis
|
0-0: Called Strike Lou Whitaker steals 2nd base (no throw) 0-1: Ball 1-1: Ball 2-1: SINGLE (Line Drive, 78M, EV 110.0 MPH) Lou Whitaker to third Runner from 3rd tries for Home, SAFE, no throw by CF
|
|
Batting: LHB Martin Pavlik
|
0-0: Bunted foul 0-1: Ball 1-1: Sac Bunt to 13S - play at first, batter OUT! 1-4 Jody Davis to second
|
|
Batting: RHB Andy Ramirez
|
0-0: Ball 1-0: Swinging Strike 1-1: Swinging Strike 1-2: Strikes out swinging
|
| Bottom of the 5th over - 1 run, 2 hits, 0 errors, 1 left on base; Los Angeles 2 - Philadelphia 1 |
| TOP OF THE 6TH |
|
Los Angeles Dodgers batting - Pitching for Philadelphia Phillies : LHP Martin Pavlik
|
|
Batting: RHB Jerry Keller
|
0-0: Ball 1-0: Called Strike 1-1: Swinging Strike 1-2: Foul Ball, location: 2F 1-2: Strikes out swinging
|
|
Batting: LHB Ronald Jackson
|
0-0: Called Strike 0-1: Ball 1-1: Ball 2-1: Ball 3-1: SINGLE (Groundball, 25, EV 67.5 MPH) (infield hit)
|
|
Batting: RHB Roberto Reyes
|
0-0: Ball 1-0: Swinging Strike 1-1: Ball 2-1: Foul Ball, location: 2F 2-2: Foul Ball, location: 2F 2-2: Foul Ball, location: 2F 2-2: Fly out, F7 (Flyball, 7S, EV 83.8 MPH)
|
|
Pitching: RHP Jim Kern
|
|
|
Batting: RHB Bill Schroeder
|
0-0: Ball 1-0: Called Strike 1-1: Foul Ball, location: 2F 1-2: Ball 2-2: Strikes out swinging
|
| Top of the 6th over - 0 runs, 1 hit, 0 errors, 1 left on base; Los Angeles 2 - Philadelphia 1 |
| BOTTOM OF THE 6TH |
|
Philadelphia Phillies batting - Pitching for Los Angeles Dodgers : RHP Bob James
|
|
Batting: RHB Paul Molitor
|
0-0: Foul Ball, location: 2F 0-1: Fly out, F7 (Flyball, 7LD, EV 102.5 MPH)
|
|
Batting: LHB Tony Gwynn
|
0-0: Ball 1-0: SINGLE (Line Drive, 7S, EV 110.6 MPH)
|
|
Batting: RHB Candy Maldonado
|
0-0: Called Strike Tony Gwynn steals 2nd base 0-1: Foul Ball, location: 2F 0-2: Foul Ball, location: 2F 0-2: Ball 1-2: Foul Ball, location: 2F 1-2: Foul Ball, location: 2F 1-2: Strikes out looking
|
|
Batting: LHB Ken Phelps
|
0-0: Ball 1-0: Ball 2-0: Ball 3-0: Base on Balls
|
|
Batting: RHB Andre Dawson
|
0-0: Called Strike 0-1: Called Strike 0-2: Foul Ball, location: 2F 0-2: Strikes out looking
|
| Bottom of the 6th over - 0 runs, 1 hit, 0 errors, 2 left on base; Los Angeles 2 - Philadelphia 1 |
| TOP OF THE 7TH |
|
Los Angeles Dodgers batting - Pitching for Philadelphia Phillies : RHP Jim Kern
|
|
Pitching: RHP Tom Hume
|
|
|
Now in RF: Ty Gainey
|
|
|
Batting: SHB Spike Owen
|
0-0: SINGLE (Line Drive, 6D, EV 97.5 MPH)
|
|
Batting: RHB Tom Watkins
|
0-0: Grounds into double play, 3-6-1 (Groundball, 34, EV 78.1 MPH)
|
|
Pinch Hitting: RHB Mike Shelton
|
0-0: Ball 1-0: Called Strike 1-1: Swinging Strike 1-2: Foul Ball, location: 2F 1-2: Fly out, F3 (Line Drive, 3, EV 62.5 MPH)
|
| Top of the 7th over - 0 runs, 1 hit, 0 errors, 0 left on base; Los Angeles 2 - Philadelphia 1 |
| BOTTOM OF THE 7TH |
|
Philadelphia Phillies batting - Pitching for Los Angeles Dodgers : RHP Bob James
|
|
Pitching: LHP Alberto Argueta
|
|
|
Batting: LHB Lou Whitaker
|
0-0: Swinging Strike 0-1: Ground out 6-3 (Groundball, 6, EV 104.4 MPH)
|
|
Batting: RHB Jody Davis
|
0-0: Ground out 6-3 (Groundball, 6MS, EV 78.8 MPH)
|
|
Batting: LHB Ty Gainey
|
0-0: Ball 1-0: Ball 2-0: DOUBLE (Line Drive, 8LXD, EV 101.3 MPH)
|
|
Pinch Hitting: LHB Terry Lee
|
0-0: Swinging Strike 0-1: Ground out 1-3 (Groundball, 13S, EV 69.4 MPH)
|
| Bottom of the 7th over - 0 runs, 1 hit, 0 errors, 1 left on base; Los Angeles 2 - Philadelphia 1 |
| TOP OF THE 8TH |
|
Los Angeles Dodgers batting - Pitching for Philadelphia Phillies : RHP Tom Hume
|
|
Now at SS: Terry Lee
|
|
|
Pinch Hitting: RHB John Almon
|
0-0: Called Strike 0-1: Called Strike 0-2: Ball 1-2: Ball 2-2: Foul Ball, location: 2F 2-2: Foul Ball, location: 2F 2-2: Strikes out looking
|
|
Pinch Hitting: RHB Gary Gaetti
|
0-0: Called Strike 0-1: Foul Ball, location: 2F 0-2: Ball 1-2: Strikes out swinging
|
|
Batting: RHB Jerry Keller
|
0-0: Ball 1-0: Called Strike 1-1: Ball 2-1: Swinging Strike 2-2: Strikes out swinging
|
| Top of the 8th over - 0 runs, 0 hits, 0 errors, 0 left on base; Los Angeles 2 - Philadelphia 1 |
| BOTTOM OF THE 8TH |
|
Philadelphia Phillies batting - Pitching for Los Angeles Dodgers : LHP Alberto Argueta
|
|
Pitching: RHP Steve Foucault
|
|
|
Now at 3B: Chris W Smith
|
|
|
Now in CF: John Almon
|
|
|
Pinch Hitting: RHB Ivan de Jesus
|
0-0: Fly out, F8 (Line Drive, 8RD, EV 86.9 MPH)
|
|
Pinch Hitting: LHB James Peters
|
0-0: Swinging Strike 0-1: Called Strike 0-2: Ball 1-2: Foul Ball, location: 2F 1-2: Strikes out looking
|
|
Pinch Hitting: RHB Derrell Baker
|
0-0: Ground out 4-3 (Groundball, 34S, EV 86.9 MPH)
|
| Bottom of the 8th over - 0 runs, 0 hits, 0 errors, 0 left on base; Los Angeles 2 - Philadelphia 1 |
| TOP OF THE 9TH |
|
Los Angeles Dodgers batting - Pitching for Philadelphia Phillies : RHP Tom Hume
|
|
Now at 2B: Ivan de Jesus
|
|
|
Now in LF: James Peters
|
|
|
Now in CF: Derrell Baker
|
|
|
Batting: LHB Ronald Jackson
|
0-0: Ball 1-0: Ground out 4-3 (Groundball, 34, EV 86.3 MPH)
|
|
Pinch Hitting: RHB Cleo Smith
|
0-0: Called Strike 0-1: Ball 1-1: Ball 2-1: Ball 3-1: Foul Ball, location: 2F 3-2: Strikes out swinging
|
|
Pitching: LHP Christopher Mayo
|
|
|
Pinch Hitting: RHB Craig Landis
|
0-0: Ball 1-0: Foul Ball, location: 2F 1-1: Ball 2-1: Ground out 5-3 (Groundball, 56, EV 108.1 MPH)
|
| Top of the 9th over - 0 runs, 0 hits, 0 errors, 0 left on base; Los Angeles 2 - Philadelphia 1 |
| BOTTOM OF THE 9TH |
|
Philadelphia Phillies batting - Pitching for Los Angeles Dodgers : RHP Steve Foucault
|
|
Now at 1B: Craig Landis
|
|
|
Now in RF: Cleo Smith
|
|
|
Pinch Hitting: LHB Randy Bush
|
0-0: Ball 1-0: Fly out, F7 (Flyball, 7LM, EV 96.9 MPH)
|
|
Pinch Hitting: LHB Terry Bogener
|
0-0: Fly out, F4 (Flyball, 34D, EV 85.0 MPH)
|
|
Pinch Hitting: RHB Dan Thomas
|
0-0: Ball 1-0: Foul Ball, location: 2F 1-1: Ball 2-1: Foul Ball, location: 2F 2-2: Foul Ball, location: 2F 2-2: Foul Ball, location: 2F 2-2: Foul Ball, location: 2F 2-2: Ball 3-2: Foul Ball, location: 2F 3-2: Fly out, F8 (Line Drive, 8RD, EV 84.4 MPH)
|
| Bottom of the 9th over - 0 runs, 0 hits, 0 errors, 0 left on base; Los Angeles 2 - Philadelphia 1 |
|